 Dungeon Crawl Stone Soup version 0.25-a0-316-gd28d56f9c5 (webtiles) character file.

Game seed: 2876512414494186521, levelgen mode: classic

18233 Borgoz the Cruncher (level 12, -8/77 HPs)
             Began as a Gargoyle Gladiator on Dec 24, 2019.
             Was a High Priest of Okawaru.
             Killed by the air
             ... invoked by Gastronok
              (15 damage)
             ... on level 11 of the Dungeon.
             The game lasted 00:29:18 (11997 turns).

Borgoz the Cruncher (Gargoyle Gladiator)           Turns: 11997, Time: 00:29:19

Health: -8/77      AC: 25    Str: 20    XL:     12   Next: 56%
Magic:  15/15      EV: 16    Int: 10    God:    Okawaru [*****.]
Gold:   821        SH:  0    Dex: 15    Spells: 5/11 levels left

rFire    + . .     SeeInvis .   b - +0 lajatang (vamp)
rCold    . . .     Gourm    .   (shield currently unavailable)
rNeg     + + +     Faith    .   B - +4 ring mail of Yredelemnul's Envy {*Drain rN++ rCorr Int+2}
rPois    ∞         Spirit   .   S - +2 hat
rElec    +         Reflect  .   (no cloak)
rCorr    +         Harm     .   N - +0 pair of gloves
MR       .....                  c - +1 pair of boots
Stlth    +.........             (no amulet)
HPRegen  0.22/turn              u - ring of protection from fire
MPRegen  0.14/turn              (no ring)

@: about to teleport, drained
A: negative energy resistance 1, electricity resistance, unbreathing,
petrification resistance, rot immunity, AC +8
a: Heroism, Finesse, Renounce Religion


You were on level 11 of the Dungeon.
You worshipped Okawaru.
Okawaru was extremely pleased with you.
You were not hungry.

You visited 2 branches of the dungeon, and saw 13 of its levels.

You collected 1100 gold pieces.
You spent 279 gold pieces at shops.

Inventory:

Hand Weapons
 a - the +1 quarterstaff "Zeulol" {crush, -Tele Str+4 Int+3 Dex+4}
   (You bought it in a shop on level 6 of the Dungeon)

   It inflicts extra damage upon your enemies.
   It affects your strength (+4).
   It affects your intelligence (+3).
   It affects your dexterity (+4).
   It prevents most forms of teleportation.
 b - a +0 vampiric lajatang (weapon)
 M - the +8 autumn katana {slice, Clar}
   (You found it on level 11 of the Dungeon)

   It inflicts extra damage upon your enemies.
   It protects you against confusion.
 O - a +0 quarterstaff
Missiles
 d - 3 throwing nets (quivered)
Armour
 c - a +1 pair of boots (worn)
 B - the +4 ring mail of Yredelemnul's Envy (worn) {*Drain rN++ rCorr Int+2}
   (You found it on level 7 of the Dungeon)

   It affects your intelligence (+2).
   It greatly protects you from negative energy.
   It provides partial protection from all sources of acid and corrosion.
   It causes draining when unequipped.
 K - a +0 chain mail of positive energy
 L - a +0 troll leather armour
 N - a +0 pair of gloves (worn)
 P - the +1 plate armour "Jyl Yly" {Dex+2}
   (You found it on level 11 of the Dungeon)

   It affects your dexterity (+2).
 S - a +2 hat (worn)
 X - a +2 ring mail of fire resistance
Jewellery
 g - an uncursed ring of wizardry
 n - an uncursed ring of flight
 u - a ring of protection from fire (left hand)
 W - an uncursed ring of fire
Wands
 j - a wand of paralysis (10)
 z - a wand of disintegration (8)
 E - a wand of polymorph (4)
 F - a wand of acid (11)
 Q - a wand of enslavement (15)
 R - a wand of flame (8)
Scrolls
 h - 12 scrolls of remove curse
 i - 4 scrolls of noise {unknown}
 m - 4 scrolls of amnesia {unknown}
 p - 4 scrolls of blinking {unknown}
 r - a scroll of enchant armour
 t - 4 scrolls of teleportation
 v - a scroll of acquirement
 w - a scroll of fog
 x - 2 scrolls of enchant weapon
 y - a scroll of random uselessness {unknown}
 C - a scroll of summoning
 G - a scroll of magic mapping {unknown}
 H - a scroll of holy word
 J - a scroll of brand weapon {unknown}
 T - a scroll of fear {unknown}
Potions
 k - a potion of invisibility
 l - 3 potions of mutation
 q - a potion of magic
 s - 2 potions of flight
 A - a potion of agility
 D - 3 potions of brilliance
 I - a potion of lignification
Comestibles
 f - 24 rations
 U - 2 chunks of flesh


   Skills:
 * Level 9.8(8.8) Fighting
 * Level 10.9(9.8) Staves
 - Level 1.7(0.9) Throwing
 * Level 9.5(8.5) Armour
 * Level 9.3(8.4) Dodging
 + Level 4.0(3.1) Hexes
 + Level 4.8(4.0) Invocations


You had 5 spell levels left.
You knew the following spells:

 Your Spells              Type           Power        Failure   Level  Hunger
a - Confusing Touch       Hex            #.....       16%         1    ##.....
b - Confuse               Hex            #.......     43%         3    ####...
c - Blink                 Tloc           N/A          65%         2    ###....

Your spell library contained the following spells:

 Spells                   Type           Power        Failure   Level  Hunger
 Slow                     Hex            #.......     24%         2    ###....
 Magic Dart               Conj           #...         52%         1    ##.....
 Call Imp                 Summ           #.......     65%         2    ###....
 Passwall                 Tmut/Erth      #.......     65%         2    ###....
 Swiftness                Chrm/Air       #.......     65%         2    ###....
 Conjure Flame            Conj/Fire      #.......     87%         3    ####...
 Gell's Gravitas          Tloc           #.........   87%         3    ####...
 Mephitic Cloud           Conj/Pois/Air  #.......     87%         3    ####...
 Passage of Golubria      Tloc           N/A          99%         4    #####..
 Petrify                  Tmut/Erth      #.......     99%         4    #####..
 Lee's Rapid Deconstruct  Erth           #.........   100%        5    ######.
 Metabolic Englaciation   Hex/Ice        #.........   100%        5    ######.
 Yara's Violent Unravell  Hex/Tmut       #.........   100%        5    ######.
 Darkness                 Hex            #.........   100%        6    #######
 Invisibility             Hex            #.......     100%        6    #######


Dungeon Overview and Level Annotations

Branches:
Dungeon (12/15)            Temple (1/1) D:6            Lair (0/6) D:10
    Orc (0/2) D:9

Altars:
Ashenzari
Cheibriados
Dithmenos
Elyvilon
Fedhas
Gozag
Hepliaklqana
Kikubaaqudgha
Makhleb
Nemelex Xobeh
Okawaru
Qazlal
Ru
Sif Muna
Trog
Uskayaw
Vehumet
Wu Jian
Xom
Yredelemnul
Zin
The Shining One

Shops:
D:6 *   D:7 %

Annotations:
D:11 Gastronok


Innate Abilities, Weirdness & Mutations

You are resistant to torment.
Your stone body is resilient. (AC +8)
You are immune to poison.
You resist negative energy. (rN+)
You are resistant to electric shocks. (rElec)
You can survive without breathing.
You are immune to petrification.
You are immune to rotting.


Message History

The bat's corpse disappears in a puff of smoke!
You barely miss the river rat. The river rat misses you.
You hit the river rat but do no damage. The river rat closely misses you.
You slice the river rat!!
You kill the river rat!
The river rat's corpse disappears in a puff of smoke!
You hear some strange, mumbled words.
A puff of flame appears from out of thin air!
The puff of flame hits you but does no damage.
Evoke which item? (* to show all) (? for menu, Esc to quit)
Okay, then.
As you read the scroll of teleportation, it crumbles to dust.
You feel strangely unstable.
You hear some strange, mumbled words.
A puff of flame appears from out of thin air!
The puff of flame hits you. You resist.
* * * LOW HITPOINT WARNING * * *
Gastronok waves his eye-stalks in wide circles.
The air twists around and strikes you!
You die...

##### ###. #...# #...
#...# #...
########...# #...
#..........# #...
#..?###§...#######...
###.@§{rw...(........
######.^.#.........
#...#.##.##...
#...#.##.##...
#...#.##......
#####.####..(.
##.......<.....
#..###.#####...
#...## #.#####.#.


You could see Gastronok and a river rat.

Vanquished Creatures
  Erica (D:8)
  Sonja (D:10)
  2 skeletal warriors (D:10)
  Pikel (D:4)
  2 ugly things (D:11)
  2 deep elf magi (D:10)
  Psyche (D:10)
  A troll (D:10)
  Sigmund (D:4)
  4 flying skulls (D:10)
  4 shadows (D:10)
  A vampire (D:11)
  5 wraiths
  A basilisk (D:10)
  A wyvern (D:11)
  6 yaks
  3 hogs (D:10)
  A human (D:10)
  A hungry ghost (D:9)
  Menkaure (D:6)
  An acid dragon (D:11)
  3 porcupines (D:10)
  Duvessa (D:5)
  A swamp drake (D:10)
  4 slaves (D:4)
  3 ice beasts
  5 orc warriors
  7 black bears
  A sky beast (D:7)
  12 ogres
  6 centaurs
  4 crocodiles
  5 big kobolds (D:4)
  7 bullfrogs
  Dowan (D:5)
  A wyvern zombie (D:10)
  2 wyvern skeletons (D:10)
  2 scorpions (D:7)
  3 troll zombies (D:9)
  14 killer bees
  2 howler monkeys
  6 wights
  9 crimson imps
  4 orc priests
  4 hounds
  3 quasits
  5 centaur skeletons (D:10)
  A jelly (D:7)
  9 orc wizards
  3 bullfrog skeletons
  An iron imp (D:10)
  Jessica (D:2)
  5 iguanas
  11 worker ants
  5 ogre zombies (D:9)
  A hound zombie (D:10)
  5 hound skeletons
  A worker ant zombie (D:10)
  A howler monkey skeleton (D:10)
  26 adders
  10 gnolls
  3 shadow imps
  A white imp (D:10)
  3 oozes
  An adder zombie (D:8)
  3 adder skeletons
  3 worms
  A dart slug (D:2)
  7 leopard geckos
  43 orcs
  A ball python (D:2)
  10 giant cockroaches
  6 goblins
  8 hobgoblins
  19 jackals
  9 quokkas
  9 bats
  4 frilled lizards
  A goblin skeleton (D:9)
  3 goblin zombies (D:9)
  2 hobgoblin skeletons (D:9)
  4 hobgoblin zombies (D:9)
  A jackal skeleton (D:6)
  51 kobolds
  3 leopard gecko skeletons
  3 orc skeletons (D:9)
  12 orc zombies (D:9)
  A quokka zombie (D:7)
  8 rats
456 creatures vanquished.

Vanquished Creatures (others)
  A bullfrog skeleton (D:10)
  An orc wizard (D:10)
  A shadow imp (D:12)
  An orc (D:10)
  A fungus (D:10)
5 creatures vanquished.

Grand Total: 461 creatures vanquished

Notes
Turn   | Place    | Note
-------+----------+-------------------------------------------
     0 | D:1      | Borgoz the Gargoyle Gladiator began the quest for the Orb.
     0 | D:1      | Reached XP level 1. HP: 12/12 MP: 1/1
    80 | D:1      | Reached XP level 2. HP: 13/17 MP: 2/2
   837 | D:2      | Reached skill level 1 in Armour
   837 | D:2      | Reached XP level 3. HP: 22/22 MP: 3/3
   913 | D:2      | Found an ornate altar of the Wu Jian Council.
   977 | D:2      | Noticed Jessica
   981 | D:2      | Found a radiant altar of Vehumet.
   985 | D:2      | Killed Jessica
   985 | D:2      | Reached XP level 4. HP: 27/27 MP: 4/4
  1567 | D:3      | Reached skill level 4 in Staves
  1567 | D:3      | Reached XP level 5. HP: 31/32 MP: 5/5
  1600 | D:3      | Noticed an ogre
  1612 | D:3      | Killed an ogre
  1899 | D:3      | Reached XP level 6. HP: 36/37 MP: 6/6
  1989 | D:3      | Found an opulent altar of Gozag.
  1990 | D:3      | Found a shimmering blue altar of Sif Muna.
  2375 | D:3      | Found a blossoming altar of Fedhas.
  2916 | D:4      | Reached skill level 5 in Staves
  2916 | D:4      | Reached XP level 7. HP: 15/42 MP: 7/7
  3119 | D:5      | Entered Level 5 of the Dungeon
  3355 | D:5      | Found a glowing golden altar of the Shining One.
  3706 | D:4      | Noticed Sigmund
  3725 | D:4      | Killed Sigmund
  3742 | D:4      | Noticed Pikel
  3788 | D:4      | Reached XP level 8. HP: 24/48 MP: 8/8
  3805 | D:4      | Killed Pikel
  3805 | D:4      | Reached skill level 5 in Fighting
  3805 | D:4      | Reached skill level 6 in Staves
  3805 | D:4      | Reached skill level 5 in Dodging
  4312 | D:4      | Reached skill level 7 in Staves
  4359 | D:4      | Reached XP level 9. HP: 50/54 MP: 9/9
  4376 | D:4      | Identified a scroll of acquirement
  4785 | D:5      | Found an iron altar of Okawaru.
  4817 | D:5      | Became a worshipper of Warmaster Okawaru
  4915 | D:5      | Noticed Dowan
  4915 | D:5      | Noticed Duvessa
  4936 | D:5      | Killed Duvessa
  4939 | D:5      | Killed Dowan
  4939 | D:5      | Reached skill level 5 in Armour
  5268 | D:6      | Found Xuarhog's Assorted Antiques.
  5286 | D:6      | Bought a twisted quarterstaff for 279 gold pieces
  5313 | D:6      | Identified the cursed +1 quarterstaff "Zeulol" {crush,
                  | -Tele Str+4 Int+3 Dex+4} (You bought it in a shop on level
                  | 6 of the Dungeon)
  5435 | D:6      | Found a hazy altar of Hepliaklqana.
  5464 | D:6      | Reached * piety under Okawaru
  5465 | D:6      | Noticed Menkaure
  5469 | D:6      | Killed Menkaure
  5597 | D:6      | Found a staircase to the Ecumenical Temple.
  5605 | D:6      | Reached skill level 8 in Staves
  5684 | Temple   | Entered the Ecumenical Temple
  6161 | D:6      | Reached ** piety under Okawaru
  6212 | D:6      | Reached XP level 10. HP: 41/61 MP: 10/10
  6362 | D:7      | Found Beb Xyta's Food Boutique.
  6402 | D:7      | Got a smoking ring mail
  6417 | D:7      | Identified the +4 ring mail of Yredelemnul's Envy {*Drain
                  | rN++ rCorr Int+2} (You found it on level 7 of the Dungeon)
  6520 | D:7      | Learned a level 1 spell: Confusing Touch
  6524 | D:7      | Learned a level 3 spell: Confuse
  6745 | D:7      | Reached skill level 9 in Staves
  6996 | D:7      | Reached *** piety under Okawaru
  7000 | D:7      | Found a bloodstained altar of Trog.
  7013 | D:7      | Reached skill level 1 in Invocations
  7373 | D:8      | Reached skill level 1 in Hexes
  7395 | D:8      | Found an ancient bone altar of Kikubaaqudgha.
  7670 | D:8      | Learned a level 2 spell: Blink
  7723 | D:8      | Noticed Erica
  7744 | D:8      | Killed Erica
  7744 | D:8      | Reached **** piety under Okawaru
  7826 | D:8      | Received a gift from Okawaru
  7978 | D:3      | Found a glowing silver altar of Zin.
  8233 | D:9      | Found a staircase to the Orcish Mines.
  8636 | D:9      | Reached XP level 11. HP: 68/68 MP: 12/12
  9139 | D:9      | Found a hide-covered altar of Uskayaw.
  9442 | D:10     | Entered Level 10 of the Dungeon
  9657 | D:10     | Noticed a skeletal warrior
  9669 | D:10     | Killed a skeletal warrior
  9669 | D:10     | Reached ***** piety under Okawaru
  9713 | D:10     | Reached skill level 10 in Staves
  9843 | D:11     | Noticed a white ugly thing
  9854 | D:11     | Killed a white ugly thing
  9953 | D:11     | Received a gift from Okawaru
  9989 | D:11     | Found the +8 autumn katana {slice, Clar}
 10112 | D:11     | Noticed Gastronok
 10145 | D:10     | Found a staircase to the Lair.
 10196 | D:10     | Received a gift from Okawaru
 10508 | D:10     | Noticed Sonja
 10538 | D:10     | Received a gift from Okawaru
 10595 | D:10     | Killed Sonja
 10595 | D:10     | Reached XP level 12. HP: 57/76 MP: 13/15
 10896 | D:10     | Noticed a soul eater
 11230 | D:10     | Noticed Psyche
 11246 | D:10     | Killed Psyche
 11593 | D:11     | Got a heavily runed plate armour
 11647 | D:11     | Received a gift from Okawaru
 11704 | D:11     | Identified the cursed +1 plate armour "Jyl Yly" {Dex+2}
                  | (You found it on level 11 of the Dungeon)
 11997 | D:11     | Killed from afar by Gastronok

Levels and vault maps discovered:
D:1:      minmay_arrival_nine_rooms, layout_loops_cross, serial_bayou,
          serial_bayou_lagoon_b, serial_bayou_pond_a, serial_bayou_ford_a,
          serial_bayou_shore_a
D:2:      layout_rooms, old_standard_altar, marbit_many_paths,
          small_statue_intersection, uniq_jessica
D:3:      layout_basic, fedhas_altar_fruit_tree, nicolae_overflow_hidden_temple,
          chequers_temple_overflow_statue_of_worship
D:4:      minmay_goblin_kobold_castle, layout_loops_ring, first_ration,
          uniq_sigmund, uniq_pikel
D:5:      layout_basic, kennysheep_mini_moat, okawaru_altar_gauntlet_db,
          uniq_duvessa
D:6:      minmay_diamond_boxcup, layout_rooms, lemuel_round_altar,
          minmay_temple_entry_trees, serial_shops,
          nicolae_shop_overgrown_old_shop, uniq_menkaure
D:7:      hangedman_cross_stitches, layout_loops_ring, trog_ov_bears_minmay,
          serial_shops, shop
D:8:      layout_basic, basic_altar, uniq_erica
D:9:      minmay_goldmine, layout_stronghold, eat_drink_and_be_merry_uskayaw,
          zombieorc2_lemuel
D:10:     hangedman_screamer, layout_long_grid, minmay_lair_entry_grove,
          grunt_livestock, hangedman_minor_magic, uniq_psyche, uniq_sonja
D:11:     layout_rooms, moated_statue, uniq_gastronok
D:12:     layout_basic
Temple:   minmay_temple_curvy_loop

Skill      XL: |  1  2  3  4  5  6  7  8  9 10 11 12 |
---------------+-------------------------------------+-----
Armour         | 1 2 3 4 6 7 8 9 |  9.5
Dodging        | 3 4 5 7 8 9 |  9.3
Fighting       | 3 4 5 6 7 9 |  9.8
Staves         | 4 5 7 8 9 10 | 10.9
Invocations    | 2 4 |  4.8
Hexes          | 1 3 4 |  4.0
Throwing       | |  1.7

Action                   |  1- 3 |  4- 6 |  7- 9 | 10-12 || total
-------------------------+-------+-------+-------+-------++-------
Melee: Quarterstaff      |    87 |   217 |   538 |   987 ||  1829
       Lajatang          |       |       |       |     4 ||     4
Throw: Throwing net      |       |     1 |       |     1 ||     2
Invok: Heroism           |       |       |       |     4 ||     4
Evoke: Wand              |       |       |       |     6 ||     6
  Use: Scroll            |       |     9 |     3 |    11 ||    23
       Potion            |       |       |     2 |     8 ||    10
 Stab: Sleeping          |       |     1 |       |       ||     1
       Held in net/web   |       |     2 |       |     1 ||     3
       Invisible         |       |       |    11 |       ||    11
  Eat: Chunk             |       |     7 |    11 |    19 ||    37
       Ration            |       |       |       |     1 ||     1
Armor: Leather armour    |    36 |    16 |       |       ||    52
       Ring mail         |       |    84 |   183 |   421 ||   688
Dodge: Dodged            |    50 |   138 |   445 |   884 ||  1517

Table legend:
 A = Non-vault XP
 B = Vault XP
 C = Vault XP percentage of total XP
 D = Non-vault monster count
 E = Vault monster count
 F = Vault count percentage of total count
                 A         B        C        D         E       F
            +---------+---------+-------+---------+---------+-------
      Total |   10257 |   15791 |  60.6 |     263 |     189 |  41.8
            +---------+---------+-------+---------+---------+-------
        D:1 |      28 |       0 |   0.0 |      17 |       0 |   0.0
        D:2 |      92 |      39 |  29.8 |      24 |       2 |   7.7
        D:3 |     207 |       0 |   0.0 |      26 |       0 |   0.0
        D:4 |     576 |    1463 |  71.8 |      28 |      52 |  65.0
        D:5 |     237 |     237 |  50.0 |      15 |       8 |  34.8
        D:6 |    1373 |     483 |  26.0 |      35 |       5 |  12.5
        D:7 |     894 |     776 |  46.5 |      19 |      12 |  38.7
        D:8 |    1006 |     960 |  48.8 |      30 |       1 |   3.2
        D:9 |     854 |     979 |  53.4 |      14 |      47 |  77.0
       D:10 |    1510 |   10854 |  87.8 |      21 |      62 |  74.7
       D:11 |    3480 |       0 |   0.0 |      34 |       0 |   0.0
            +---------+---------+-------+---------+---------+-------
